| TOP OF THE 1ST |
|
Syracuse Chiefs batting - Pitching for Colorado Springs Sky Sox : LHP Jim McCutcheon
|
|
Pitching: LHP Jim McCutcheon
|
|
|
Batting: RHB Ke-yue Hong
|
0-0: Called Strike 0-1: Called Strike 0-2: Fly out, F4 (Line Drive, 4, EV 63.8 MPH)
|
|
Batting: SHB Alex Ethridge
|
0-0: Ball 1-0: Fly out, F7 (Line Drive, 7, EV 104.4 MPH)
|
|
Batting: LHB Sidney Pedder
|
0-0: Called Strike 0-1: Ball 1-1: Ball 2-1: Called Strike 2-2: Strikes out swinging
|
| Top of the 1st over - 0 runs, 0 hits, 0 errors, 0 left on base; Syracuse 0 - Colorado Springs 0 |
| BOTTOM OF THE 1ST |
|
Colorado Springs Sky Sox batting - Pitching for Syracuse Chiefs : LHP Brian Walters
|
|
Pitching: LHP Brian Walters
|
|
|
Batting: RHB Kennet Strijbis
|
0-0: SINGLE (Groundball, 25, EV 76.3 MPH) (infield hit)
|
|
Batting: RHB Jayden Patterson
|
0-0: Ball 1-0: Foul Ball, location: 2F 1-1: Called Strike Kennet Strijbis steals 2nd base 1-2: 2-RUN HOME RUN (Line Drive, 7LD, EV 98.8 MPH), Distance : 377 ft
|
|
Batting: LHB Koson Hirai
|
0-0: Ball 1-0: Fly out, F8 (Line Drive, 8RM, EV 85.6 MPH)
|
|
Batting: RHB Bobby Bowman
|
0-0: Swinging Strike 0-1: Ball 1-1: Ground out U3 (Groundball, 34, EV 81.9 MPH)
|
|
Batting: RHB Orlando Fernandez
|
0-0: Ball 1-0: Ball 2-0: Foul Ball, location: 2F 2-1: Foul Ball, location: 2F 2-2: Foul Ball, location: 2F 2-2: Ball 3-2: Foul Ball, location: 2F 3-2: Foul Ball, location: 2F 3-2: Strikes out swinging
|
| Bottom of the 1st over - 2 runs, 2 hits, 0 errors, 0 left on base; Syracuse 0 - Colorado Springs 2 |
| TOP OF THE 2ND |
|
Syracuse Chiefs batting - Pitching for Colorado Springs Sky Sox : LHP Jim McCutcheon
|
|
Batting: RHB Ben Welt
|
0-0: Ball 1-0: Ball 2-0: Called Strike 2-1: Called Strike 2-2: Strikes out swinging
|
|
Batting: RHB Niek de Haan
|
0-0: Called Strike 0-1: Ball 1-1: Ball 2-1: Ball 3-1: SINGLE (Line Drive, 4MD, EV 93.8 MPH)
|
|
Batting: RHB Rene Montoya
|
0-0: Foul Ball, location: 2F 0-1: Foul Ball, location: 2F 0-2: Strikes out swinging
|
|
Batting: RHB Ryota Tenno
|
0-0: Ball 1-0: Ball Niek de Haan steals 2nd base 2-0: Called Strike 2-1: Foul Ball, location: 2F 2-2: Strikes out swinging
|
| Top of the 2nd over - 0 runs, 1 hit, 0 errors, 1 left on base; Syracuse 0 - Colorado Springs 2 |
| BOTTOM OF THE 2ND |
|
Colorado Springs Sky Sox batting - Pitching for Syracuse Chiefs : LHP Brian Walters
|
|
Batting: RHB George Lundy
|
0-0: SOLO HOME RUN (Flyball, 7LD, EV 94.4 MPH), Distance : 377 ft
|
|
Batting: RHB Dwane Reed
|
0-0: Swinging Strike 0-1: Called Strike 0-2: Strikes out swinging
|
|
Batting: RHB R.J. Anchondo
|
0-0: Called Strike 0-1: Swinging Strike 0-2: Ball 1-2: SOLO HOME RUN (Flyball, 7D, EV 98.8 MPH), Distance : 380 ft
|
|
Batting: RHB Colin Lord
|
0-0: Ball 1-0: Called Strike 1-1: SOLO HOME RUN (Line Drive, 9LD, EV 99.4 MPH), Distance : 370 ft
|
|
Batting: RHB Kennet Strijbis
|
0-0: Called Strike 0-1: Fly out, F5 (Popup, 5F, EV 55.0 MPH)
|
|
Batting: RHB Jayden Patterson
|
0-0: Foul Ball, location: 2F 0-1: Ground out 6-3 (Groundball, 56, EV 105.0 MPH)
|
| Bottom of the 2nd over - 3 runs, 3 hits, 0 errors, 0 left on base; Syracuse 0 - Colorado Springs 5 |
| TOP OF THE 3RD |
|
Syracuse Chiefs batting - Pitching for Colorado Springs Sky Sox : LHP Jim McCutcheon
|
|
Batting: LHB Dana McDonald
|
0-0: Ball 1-0: Ground out 5-3 (Groundball, 56, EV 101.9 MPH)
|
|
Batting: RHB Josh Lykins
|
0-0: Fly out, F8 (Flyball, 8RD, EV 107.5 MPH)
|
|
Batting: RHB Ke-yue Hong
|
0-0: Ball 1-0: Called Strike 1-1: Foul Ball, location: 2F 1-2: Fly out, F9 (Flyball, 9, EV 92.5 MPH)
|
| Top of the 3rd over - 0 runs, 0 hits, 0 errors, 0 left on base; Syracuse 0 - Colorado Springs 5 |
| BOTTOM OF THE 3RD |
|
Colorado Springs Sky Sox batting - Pitching for Syracuse Chiefs : LHP Brian Walters
|
|
Batting: LHB Koson Hirai
|
0-0: Foul Ball, location: 2F 0-1: Ground out 6-3 (Groundball, 6, EV 81.9 MPH)
|
|
Batting: RHB Bobby Bowman
|
0-0: Ground out U3 (Groundball, 3, EV 83.1 MPH)
|
|
Batting: RHB Orlando Fernandez
|
0-0: Called Strike 0-1: Ball 1-1: Ball 2-1: DOUBLE (Flyball, 8RXD, EV 99.4 MPH)
|
|
Batting: RHB George Lundy
|
0-0: Foul Ball, location: 2F 0-1: Ball 1-1: Ball 2-1: Fly out, F8 (Line Drive, 8RD, EV 108.1 MPH)
|
| Bottom of the 3rd over - 0 runs, 1 hit, 0 errors, 1 left on base; Syracuse 0 - Colorado Springs 5 |
| TOP OF THE 4TH |
|
Syracuse Chiefs batting - Pitching for Colorado Springs Sky Sox : LHP Jim McCutcheon
|
|
Batting: SHB Alex Ethridge
|
0-0: Ball 1-0: Ball 2-0: Ball 3-0: Base on Balls
|
|
Batting: LHB Sidney Pedder
|
0-0: SINGLE (Line Drive, 34, EV 103.8 MPH) Alex Ethridge to second
|
|
Batting: RHB Ben Welt
|
0-0: Ball 1-0: Ball 2-0: Foul Ball, location: 2F 2-1: Ball 3-1: Base on Balls Alex Ethridge to third Sidney Pedder to second
|
|
Batting: RHB Niek de Haan
|
0-0: Called Strike 0-1: Ball 1-1: Ball 2-1: Swinging Strike 2-2: Foul Ball, location: 2F 2-2: Strikes out swinging
|
|
Batting: RHB Rene Montoya
|
0-0: Foul Ball, location: 2F 0-1: SINGLE (Line Drive, 8RS, EV 105.0 MPH) Alex Ethridge scores Sidney Pedder to third Ben Welt to second
|
|
Batting: RHB Ryota Tenno
|
0-0: Ball 1-0: Fly out, F2 (Popup, 2LF, EV 87.5 MPH)
|
|
Batting: LHB Dana McDonald
|
0-0: Ball 1-0: Called Strike 1-1: Fielders Choice at 2nd, 6-4 (Groundball, 6, EV 90.6 MPH)
|
| Top of the 4th over - 1 run, 2 hits, 0 errors, 3 left on base; Syracuse 1 - Colorado Springs 5 |
| BOTTOM OF THE 4TH |
|
Colorado Springs Sky Sox batting - Pitching for Syracuse Chiefs : LHP Brian Walters
|
|
Batting: RHB Dwane Reed
|
0-0: Foul Ball, location: 2F 0-1: Ball 1-1: Fly out, F2 (Popup, 25F, EV 85.6 MPH)
|
|
Batting: RHB R.J. Anchondo
|
0-0: Called Strike 0-1: Called Strike 0-2: Hit by Pitch
|
|
Batting: RHB Colin Lord
|
0-0: Ball 1-0: SINGLE (Line Drive, 56D, EV 94.4 MPH) R.J. Anchondo to second
|
|
Batting: RHB Kennet Strijbis
|
0-0: Ball 1-0: Ball 2-0: Fielders Choice at 2nd, 4-6 (Groundball, 4, EV 85.6 MPH) R.J. Anchondo to third
|
|
Batting: RHB Jayden Patterson
|
0-0: Ball 1-0: Called Strike 1-1: Foul Ball, location: 2F 1-2: Foul Ball, location: 2F 1-2: Ball 2-2: Strikes out swinging
|
| Bottom of the 4th over - 0 runs, 1 hit, 0 errors, 2 left on base; Syracuse 1 - Colorado Springs 5 |
| TOP OF THE 5TH |
|
Syracuse Chiefs batting - Pitching for Colorado Springs Sky Sox : LHP Jim McCutcheon
|
|
Batting: RHB Josh Lykins
|
0-0: Fly out, F9 (Flyball, 89M, EV 91.9 MPH)
|
|
Batting: RHB Ke-yue Hong
|
0-0: Called Strike 0-1: Swinging Strike 0-2: Ball 1-2: Strikes out looking
|
|
Batting: SHB Alex Ethridge
|
0-0: Ball 1-0: Called Strike 1-1: Foul Ball, location: 2F 1-2: SOLO HOME RUN (Flyball, 9D, EV 97.5 MPH), Distance : 372 ft
|
|
Batting: LHB Sidney Pedder
|
0-0: Ball 1-0: Ball 2-0: Called Strike 2-1: Foul Ball, location: 2F 2-2: Ball 3-2: Foul Ball, location: 2F 3-2: Foul Ball, location: 2F 3-2: Foul Ball, location: 2F 3-2: SINGLE (Line Drive, 9LS, EV 113.8 MPH)
|
|
Batting: RHB Ben Welt
|
0-0: Called Strike 0-1: Swinging Strike 0-2: Ball 1-2: Fly out, F8 (Flyball, 8RXD, EV 103.8 MPH)
|
| Top of the 5th over - 1 run, 2 hits, 0 errors, 1 left on base; Syracuse 2 - Colorado Springs 5 |
| BOTTOM OF THE 5TH |
|
Colorado Springs Sky Sox batting - Pitching for Syracuse Chiefs : LHP Brian Walters
|
|
Batting: LHB Koson Hirai
|
0-0: Ball 1-0: Fly out, F7 (Flyball, 7, EV 93.8 MPH)
|
|
Batting: RHB Bobby Bowman
|
0-0: Ball 1-0: Ground out 6-3 (Groundball, 6M, EV 85.6 MPH)
|
|
Batting: RHB Orlando Fernandez
|
0-0: Ball 1-0: Called Strike 1-1: Ground out 5-3 (Groundball, 56, EV 110.6 MPH)
|
| Bottom of the 5th over - 0 runs, 0 hits, 0 errors, 0 left on base; Syracuse 2 - Colorado Springs 5 |
| TOP OF THE 6TH |
|
Syracuse Chiefs batting - Pitching for Colorado Springs Sky Sox : LHP Jim McCutcheon
|
|
Batting: RHB Niek de Haan
|
0-0: Ball 1-0: Ground out 6-3 (Groundball, 6, EV 84.4 MPH)
|
|
Batting: RHB Rene Montoya
|
0-0: Called Strike 0-1: Ball 1-1: Fly out, F9 (Line Drive, 9, EV 98.8 MPH)
|
|
Batting: RHB Ryota Tenno
|
0-0: Foul Ball, location: 2F 0-1: Called Strike 0-2: Strikes out looking
|
| Top of the 6th over - 0 runs, 0 hits, 0 errors, 0 left on base; Syracuse 2 - Colorado Springs 5 |
| BOTTOM OF THE 6TH |
|
Colorado Springs Sky Sox batting - Pitching for Syracuse Chiefs : LHP Brian Walters
|
|
Batting: RHB George Lundy
|
0-0: Ball 1-0: Ball 2-0: Foul Ball, location: 2F 2-1: Ball 3-1: Base on Balls
|
|
Batting: RHB Dwane Reed
|
0-0: Grounds into double play, 5-4-3 (Groundball, 5S, EV 79.4 MPH)
|
|
Batting: RHB R.J. Anchondo
|
0-0: Called Strike 0-1: Ball 1-1: Ball 2-1: Foul Ball, location: 2F 2-2: SINGLE (Groundball, 4MD, EV 94.4 MPH)
|
|
Batting: RHB Colin Lord
|
0-0: Called Strike 0-1: Ball 1-1: Swinging Strike 1-2: Ball 2-2: Ground out U3 (Groundball, 13, EV 80.6 MPH)
|
| Bottom of the 6th over - 0 runs, 1 hit, 0 errors, 1 left on base; Syracuse 2 - Colorado Springs 5 |
| TOP OF THE 7TH |
|
Syracuse Chiefs batting - Pitching for Colorado Springs Sky Sox : LHP Jim McCutcheon
|
|
Batting: LHB Dana McDonald
|
0-0: Called Strike 0-1: Foul Ball, location: 2F 0-2: Ball 1-2: SINGLE (Groundball, 56S, EV 71.9 MPH) (infield hit)
|
|
Pitching: RHP Edwin Vasquez
|
|
|
Batting: RHB Josh Lykins
|
0-0: Called Strike 0-1: Ball 1-1: Bunted foul 1-2: Strikes out swinging
|
|
Pinch Hitting: LHB Erik Beezley
|
0-0: Ball Dana McDonald steals 2nd base 1-0: Foul Ball, location: 2F 1-1: Ball 2-1: Fly out, F9 (Flyball, 9D, EV 94.4 MPH) Runner from 2nd tags up, SAFE at 3rd, no throw by RF
|
|
Pitching: RHP Dave Alfonso
|
|
|
Batting: SHB Alex Ethridge
|
0-0: Called Strike 0-1: Called Strike 0-2: Ball 1-2: Ground out 6-3 (Groundball, 56, EV 90.0 MPH)
|
| Top of the 7th over - 0 runs, 1 hit, 0 errors, 1 left on base; Syracuse 2 - Colorado Springs 5 |
| BOTTOM OF THE 7TH |
|
Colorado Springs Sky Sox batting - Pitching for Syracuse Chiefs : LHP Brian Walters
|
|
Now in CF: Ryota Tenno
|
|
|
Now in RF: Erik Beezley
|
|
|
Batting: RHB Kennet Strijbis
|
0-0: Ball 1-0: Ball 2-0: Ball 3-0: Base on Balls
|
|
Batting: RHB Jayden Patterson
|
0-0: Ball 1-0: Ball 2-0: Fly out, F8 (Flyball, 89M, EV 85.6 MPH)
|
|
Batting: LHB Koson Hirai
|
0-0: Ball Kennet Strijbis steals 2nd base 1-0: Called Strike 1-1: Fly out, F4 (Popup, 4D, EV 61.9 MPH)
|
|
Batting: RHB Bobby Bowman
|
0-0: Ball 1-0: Ball 2-0: Ground out 6-3 (Groundball, 6, EV 97.5 MPH)
|
| Bottom of the 7th over - 0 runs, 0 hits, 0 errors, 1 left on base; Syracuse 2 - Colorado Springs 5 |
| TOP OF THE 8TH |
|
Syracuse Chiefs batting - Pitching for Colorado Springs Sky Sox : RHP Dave Alfonso
|
|
Batting: LHB Sidney Pedder
|
0-0: SINGLE (Groundball, 4D, EV 101.9 MPH)
|
|
Batting: RHB Ben Welt
|
0-0: Called Strike 0-1: Swinging Strike 0-2: Strikes out swinging
|
|
Pinch Hitting: LHB Dillon Gonzalez
|
0-0: Swinging Strike 0-1: Foul Ball, location: 2F 0-2: Grounds into double play, 6-4-3 (Groundball, 6, EV 107.5 MPH)
|
| Top of the 8th over - 0 runs, 1 hit, 0 errors, 0 left on base; Syracuse 2 - Colorado Springs 5 |
| BOTTOM OF THE 8TH |
|
Colorado Springs Sky Sox batting - Pitching for Syracuse Chiefs : LHP Brian Walters
|
|
Now at 1B: Dana McDonald
|
|
|
Now at 3B: Donovan Auclair
|
|
|
Batting: RHB Orlando Fernandez
|
0-0: Ball 1-0: Swinging Strike 1-1: Ball 2-1: Ball 3-1: Base on Balls
|
|
Pitching: RHP Jesus Ruiz
|
|
|
Batting: RHB George Lundy
|
0-0: Ball 1-0: Bunted foul 1-1: Sac Bunt to 3S - play at first, batter OUT! 3-1 Orlando Fernandez to second
|
|
Batting: RHB Dwane Reed
|
0-0: Foul Ball, location: 2F 0-1: Ground out 5-3 (Groundball, 5, EV 98.8 MPH)
|
|
Batting: RHB R.J. Anchondo
|
0-0: Called Strike 0-1: Ball 1-1: Fly out, F8 (Flyball, 8LS, EV 90.6 MPH)
|
| Bottom of the 8th over - 0 runs, 0 hits, 0 errors, 1 left on base; Syracuse 2 - Colorado Springs 5 |
| TOP OF THE 9TH |
|
Syracuse Chiefs batting - Pitching for Colorado Springs Sky Sox : RHP Dave Alfonso
|
|
Pitching: LHP Tristan Morrow
|
|
|
Batting: RHB Rene Montoya
|
0-0: TRIPLE (Line Drive, 7LD, EV 109.4 MPH)
|
|
Batting: RHB Ryota Tenno
|
0-0: Called Strike 0-1: Foul Ball, location: 2F 0-2: Fly out, F8 (Line Drive, 8RM, EV 96.3 MPH)
|
|
Batting: LHB Dana McDonald
|
0-0: Called Strike 0-1: Ball 1-1: Foul Ball, location: 2F 1-2: Foul Ball, location: 2F 1-2: Strikes out swinging
|
|
Batting: RHB Josh Lykins
|
0-0: Swinging Strike 0-1: Foul Ball, location: 2F 0-2: Strikes out swinging
|
| Top of the 9th over - 0 runs, 1 hit, 0 errors, 1 left on base; Syracuse 2 - Colorado Springs 5 |
|